Description

1 base tank marine allin

Replay - 2000 Atmosphären LE (44)

Build Order

Get SALT Encoding   

  12  0:02  SCV  
  13  0:14  SCV  
  13  0:17  Supply Depot  
  14  0:24  Refinery  
  14  0:27  SCV  
  15  0:39  SCV  
  16  0:46  Barracks  
  16  0:52  SCV  
  17  0:57  Refinery  
  17  1:04  SCV  
  18  1:16  SCV  
  20  1:35  Factory, Barracks Reactor  
  20  1:36  Orbital Command  
  19  1:45  Supply Depot  
  19  2:03  SCV  
  20  2:12  Marine x2  
  20  2:15  SCV  
  23  2:18  Factory Tech Lab  
  23  2:20  Starport  
  23  2:27  SCV  
  23  2:29  Marine x2  
  24  2:34  Supply Depot  
  26  2:41  Siege Tank  
  29  2:47  Marine x2  
  31  2:57  Supply Depot  
  31  2:58  Medivac  
  33  3:05  Marine x2  
  35  3:16  Siege Tank  
  38  3:22  Supply Depot  
  38  3:23  Marine x2  
  40  3:41  Marine x2, Medivac  
  41  3:46  Supply Depot  
  44  3:54  Widow Mine  
  46  3:58  Marine x2  
  48  4:06  Command Center  
  48  4:16  Marine x2, Widow Mine  
  52  4:22  Medivac  
  54  4:25  SCV  
  54  4:30  Supply Depot  
  55  4:34  Marine x2  
  57  4:39  Widow Mine  
  57  4:43  SCV  
  60  4:56  Marine x2  
  62  5:05  Siege Tank  
  56  5:14  Marine x2  
  56  5:19  Orbital Command  
  57  5:22  Medivac  
  59  5:32  Marine x2  
  60  5:38  Widow Mine  
  60  5:42  SCV  
  63  5:45  Orbital Command  
  63  5:49  Command Center  
  62  5:59  Marine x2  
  62  6:01  Widow Mine  
  65  6:11  SCV x2  
  65  6:17  Marine x2  
  69  6:18  Supply Depot  
  69  6:22  Siege Tank  
  69  6:23  SCV  
  66  6:35  Marine x2  
  66  6:39  SCV x2, Medivac  
  72  6:47  Barracks x2  
  72  6:51  SCV x2  
  72  6:53  Marine x2  
  76  6:55  Widow Mine  
  78  7:03  Orbital Command  
  78  7:04  SCV x2  
  79  7:14  Marine x2  
  80  7:16  Widow Mine  
  80  7:17  SCV x2  
  84  7:24  Engineering Bay x2, Supply Depot  
  84  7:29  SCV x2  
  86  7:35  Barracks Tech Lab x2, Orbital Command  
  87  7:37  Widow Mine  
  87  7:41  SCV  
  89  7:47  Marine x2  
  91  7:52  SCV x2  
  91  7:54  Marine x2  
  95  8:04  Marine x2  
  96  8:10  Widow Mine  
  96  8:11  SCV x3  
  96  8:12  Marine x2  
  101  8:15  Combat Shield, Stimpack  
  101  8:16  Barracks x2  
  99  8:22  Marine x2  
  99  8:26  SCV x3  
  104  8:30  Marine x2  
  104  8:31  Widow Mine  
  104  8:33  Refinery x2  
  105  8:39  SCV x3  
  95  8:42  Marine x2  
  95  8:45  Terran Infantry Weapons Level 1  
  95  8:48  Marine, Supply Depot  
  98  8:51  SCV x3  
  98  8:53  Marine  
  102  8:59  Medivac  
  102  9:00  Marine x2  
  106  9:03  SCV x2  
  106  9:05  Marine  
  106  9:07  Barracks Reactor x2  
  109  9:10  SCV  
  109  9:11  Marine, Refinery x2  
  109  9:12  Supply Depot x3  
  109  9:15  SCV x2  
  113  9:18  Marine x2  
  113  9:23  Marine  
  117  9:26  Terran Infantry Armor Level 1  
  117  9:29  Marine  
  118  9:31  SCV x2  
  118  9:32  Armory  
  118  9:36  Marine  
  118  9:37  Supply Depot  
  118  9:38  Siege Tank  
  123  9:41  Marine x6  
  125  9:47  Marine  
  129  9:54  Marine  
  129  9:57  Starport Reactor  
  129  9:58  SCV  
  129  9:59  Marine x2  
Spawning Tool Build Advisor. Get it on Overwolf

Go to:

Details

  • Created by: lucahecker
  • Published on: Mar 14, 2022
  • Modified on: Mar 14, 2022
  • Patch: 4.11.0
  • Difficulty: Medium
Show
View Real Time Build Order
Export as new Build Order

Comments (0)

There are no comments. Be the first!

Create an account to comment!